 Dungeon Sprint DCSS version 0.27.1-33-g824d729ab1 (webtiles) character file.

Game seed: 8535136875978460330

971 Hipnos the Carver (level 7, -6/73 HPs)
             Began as a Minotaur Monk on Nov 25, 2021.
             Was a Follower of Ru.
             Mangled by a sun demon (10 damage)
             ... summoned by a kobold demonologist
             ... in the Dungeon (Sprint I: "Red Sonja").
             The game lasted 00:04:26 (853 turns).

Hipnos the Carver (Minotaur Monk)                    Turns: 853, Time: 00:04:27

Health: -6/73      AC:  6    Str: 17    XL:     7   Next: 94%
Magic:  6/6        EV: 15    Int:  7    God:    Ru [*.....]
Gold:   405        SH:  0    Dex: 13    Spells: 6/6 levels left

rFire    . . .     SeeInvis .   a - +0 falchion
rCold    . . .     Faith    .   (no shield)
rNeg     . . .     Spirit   .   e - +0 ring mail
rPois    .         Reflect  .   (helmet restricted)
rElec    .         Harm     .   (no cloak)
rCorr    .         Rampage  .   (no gloves)
Will     .....     NoTele   +   (no boots)
Stlth    +.........             (no amulet)
HPRegen  0.22/turn              (no ring)
MPRegen  0.10/turn              (no ring)

@: no status effects
A: horns 2, unskilled 1, retaliatory headbutt
a: Renounce Religion


You were in the Dungeon.
You worshipped Ru.
Ru was aware of your devotion.
You visited 1 branch You collected 405 gold pieces.

Inventory:

Hand Weapons
 a - a +0 falchion (weapon)
Armour
 b - a +0 robe
 e - a +0 ring mail (worn)
 i - a +0 leather armour
Wands
 g - a wand of flame (16)
Scrolls
 h - a scroll of blinking
Potions
 f - 2 potions of magic


   Skills:
 + Level 10.8 Fighting
 + Level 10.9 Long Blades
 + Level 5.3 Armour
 + Level 10.3 Dodging
 - Level 1.4 Stealth


You had 6 spell levels left.
You didn't know any spells.
Your spell library contained the following spells:

 Spells                   Type           Power      Damage    Failure   Level
 Petrify                  Tmut/Erth      0%         N/A       100%        4
 Metabolic Englaciation   Hex/Ice        0%         N/A       100%        5
 Statue Form              Tmut/Erth      0%         N/A       100%        6


Dungeon Overview and Level Annotations

Branches:
Dungeon (1/1)

Altars:
Cheibriados
Dithmenos
Elyvilon
Fedhas
Gozag
Hepliaklqana
Kikubaaqudgha
Makhleb
Nemelex Xobeh
Okawaru
Qazlal
Ru
Sif Muna
Trog
Uskayaw
Vehumet
Wu Jian
Xom
Yredelemnul
Zin
The Shining One
Jiyva
Lugonu

Shops:
D (


Innate Abilities, Weirdness & Mutations

You have a pair of horns on your head.
You are somewhat unskilled. (-1 Apt)
You reflexively headbutt those who attack you in melee.


Message History

The kobold demonologist gestures wildly while chanting.
The kobold demonologist looks satisfied for a moment.
You hit the kobold demonologist but do no damage.
The kobold demonologist is severely wounded.
The sun demon hits you but does no damage.
The kobold demonologist hits you but does no damage.
The kobold demonologist misses you. You furiously retaliate!
You headbutt the kobold demonologist!
You closely miss the kobold demonologist.
The kobold demonologist is almost dead.
The sun demon hits you!
* * * LOW HITPOINT WARNING * * *
You are engulfed in flames!
* * * LOW HITPOINT WARNING * * *
The kobold demonologist hits you but does no damage.
The kobold demonologist misses you.
You riposte.
You barely miss the kobold demonologist.
You headbutt the kobold demonologist.
The kobold demonologist is lightly wounded.
You feel better. The sun demon misses you.
The kobold demonologist hits you with a +0 dagger.
* * * LOW HITPOINT WARNING * * *
The kobold demonologist barely misses you.
The crimson imp blinks!
You hit the kobold demonologist.
You kill the kobold demonologist!
The iron imp disappears in a puff of smoke!
The crimson imp disappears in a puff of smoke!
The iron imp disappears in a puff of smoke!
The orange demon disappears in a puff of smoke!
The sun demon barely misses you.
You riposte.
You barely miss the sun demon.
The sun demon is lightly wounded.
The kobold demonologist hits you with a +0 dagger of speed.
* * * LOW HITPOINT WARNING * * *
Your Armour skill increases to level 5!
Your Dodging skill increases to level 10!
The sun demon hits you!
* * * LOW HITPOINT WARNING * * *
You are engulfed in flames!
You die...

######################
..'..#..'..#__#.3'44§#
).#.)').#..'..'.@#K.§#
####'#####'#__####§5.+
###..#...#(#### ####
__####..##.#
_____##'#_.+
_.∩...'..._#
_..__##_.#'#
_____###+#.# ######
###


You could see a sun demon (summoned), a hellwing (summoned) and a chaos spawn
(summoned).

Vanquished Creatures
  A kobold demonologist (D)
  A slime creature (D)
  Sigmund (D)
  A yak (D)
  A floating eye (D)
  An ogre (D)
  A jelly (D)
  Ijyb (D)
8 creatures vanquished.

Notes
Turn   | Place    | Note
-------+----------+-------------------------------------------
     0 | D        | Hipnos the Minotaur Monk began the quest for the Orb.
     0 | D        | Reached XP level 1. HP: 19/19 MP: 0/0
     1 | D        | Noticed Ijyb
    15 | D        | Killed Ijyb
    16 | D        | Reached skill level 5 in Fighting
    16 | D        | Reached skill level 5 in Long Blades
    16 | D        | Reached XP level 2. HP: 10/29 MP: 1/1
   253 | D        | Noticed an ogre
   260 | D        | Killed an ogre
   261 | D        | Reached XP level 3. HP: 22/39 MP: 2/2
   261 | D        | Reached XP level 4. HP: 27/47 MP: 3/3
   412 | D        | Noticed Sigmund
   423 | D        | Killed Sigmund
   424 | D        | Reached XP level 5. HP: 28/57 MP: 4/4
   424 | D        | Reached XP level 6. HP: 31/63 MP: 5/5
   595 | D        | Found a burning altar of Makhleb.
   595 | D        | Found a viscous altar of Jiyva.
   595 | D        | Found a shimmering altar of Xom.
   595 | D        | Found a corrupted altar of Lugonu.
   595 | D        | Noticed a slime creature
   597 | D        | Found an ornate altar of the Wu Jian Council.
   597 | D        | Found a shimmering blue altar of Sif Muna.
   599 | D        | Found a radiant altar of Vehumet.
   625 | D        | Found Utaprum's Weapon Emporium.
   625 | D        | Found an ancient bone altar of Kikubaaqudgha.
   625 | D        | Found a hazy altar of Hepliaklqana.
   625 | D        | Found a stormy altar of Qazlal.
   625 | D        | Found a hide-covered altar of Uskayaw.
   625 | D        | Found a blossoming altar of Fedhas.
   625 | D        | Found a bloodstained altar of Trog.
   625 | D        | Found an iron altar of Okawaru.
   625 | D        | Found a basalt altar of Yredelemnul.
   625 | D        | Found a glowing golden altar of the Shining One.
   625 | D        | Found a snail-covered altar of Cheibriados.
   625 | D        | Found a sacrificial altar of Ru.
   625 | D        | Found a glowing silver altar of Zin.
   625 | D        | Found a shadowy altar of Dithmenos.
   625 | D        | Found a white marble altar of Elyvilon.
   625 | D        | Noticed a yak
   631 | D        | Killed a yak
   632 | D        | Reached skill level 10 in Fighting
   632 | D        | Reached skill level 10 in Long Blades
   632 | D        | Found an opulent altar of Gozag.
   633 | D        | Found a sparkling altar of Nemelex Xobeh.
   638 | D        | Became a worshipper of Ru the Awakened
   648 | D        | Gained mutation: You are somewhat unskilled. (-1 Apt) [Ru
                  | sacrifice]
   648 | D        | Reached * piety under Ru
   696 | D        | Killed a slime creature
   697 | D        | Reached skill level 10 in Fighting
   697 | D        | Reached skill level 10 in Long Blades
   697 | D        | Reached XP level 7. HP: 47/72 MP: 6/6
   829 | D        | Noticed a kobold demonologist
   829 | D        | Noticed a kobold demonologist
   830 | D        | Noticed a red devil
   831 | D        | Paralysed by a floating eye for 2 turns
   843 | D        | Noticed a hellwing
   846 | D        | Noticed a sun demon
   847 | D        | Noticed an orange demon
   847 | D        | Noticed a chaos spawn
   852 | D        | Killed a kobold demonologist
   853 | D        | Reached skill level 5 in Armour
   853 | D        | Reached skill level 10 in Dodging
   853 | D        | Mangled by a sun demon

Illustrated notes

Levels and vault maps discovered:
D:        dungeon_sprint_1 [red_sonja_temple_1, red_sonja_temple_small_1]

Skill      XL: |  1  2  3  4  5  6  7 |
---------------+----------------------+-----
Fighting       | 5 7 9 10 | 10.8
Long Blades    | 5 7 9 10 | 10.9
Dodging        | 4 6 8 9 10 | 10.3
Armour         | 2 3 5 |  5.3
Stealth        | |  1.4

Action                   |  1- 3 |  4- 6 |  7- 9 || total
-------------------------+-------+-------+-------++-------
Melee: Falchion          |    16 |    28 |    18 ||    62
       Headbutt          |     3 |     7 |     3 ||    13
Invok: Sacrifice Skill   |       |     1 |       ||     1
  Use: Potion            |     2 |       |     2 ||     4
 Stab: Sleeping          |     1 |       |       ||     1
Armor: Robe              |     1 |       |       ||     1
       Leather armour    |       |     1 |       ||     1
       Ring mail         |       |       |     5 ||     5
Dodge: Dodged            |     5 |    13 |    19 ||    37
       Rpst.: Falchion   |     2 |     4 |     5 ||    11
